 Dungeon Crawl Stone Soup version 0.31-a0-819-gf6de2f5ab6 (webtiles) character file.

Game seed: 9033336549578955619

262 qw the Shooter (level 6, 0/38 HPs)
             Began as a Gargoyle Hunter on Sept 23, 2023.
             Slain by a wyvern (13 damage)
             ... on level 4 of the Dungeon.
             The game lasted 00:01:00 (2681 turns).

qw the Shooter (Gargoyle Hunter)                    Turns: 2681, Time: 00:01:01

Health: 0/38       AC:  8    Str: 14    XL:     6   Next: 18%
Magic:  6/6        EV: 11    Int: 10    God:
Gold:   201        SH:  0    Dex: 15    Spells: 5/5 levels left

rFire   . . .        Y - +0 shortbow
rCold   . . .        (shield currently unavailable)
rNeg    + . .        c - +0 leather armour
rPois   inf          g - +0 helmet
rElec   +            (no cloak)
rCorr   .            (no gloves)
SInv    .            (no boots)
Will    .....        (no amulet)
Stlth   ++           (no ring)
HPRegen 0.26/turn    (no ring)
MPRegen 0.10/turn

%: no passive effects
@: no status effects
A: sickness immunity, AC +4, negative energy resistance 1, electricity
resistance, torment resistance 1, petrification resistance
a: no special abilities


You were on level 4 of the Dungeon.
You visited 1 branch of the dungeon, and saw 4 of its levels.

You collected 201 gold pieces.


Innate Abilities, Weirdness & Mutations

You are immune to sickness and miasma.
Your stone body is resilient. (AC +4)
You are immune to poison.
You resist negative energy. (rN+)
You are resistant to electric shocks. (rElec)
You are resistant to unholy torment.
You are immune to petrification.


   Skills:
 - Level 4.2 Fighting
 + Level 6.2 Ranged Weapons
 - Level 1.4 Armour
 - Level 1.5 Dodging
 - Level 1.1 Stealth


You had 5 spell levels left.
You didn't know any spells.
Your spell library was empty.

Inventory:

Hand Weapons
 Y - a +0 shortbow (weapon)
Armour
 c - a +0 leather armour (worn)
 g - a +0 helmet (worn)
Scrolls
 a - 3 scrolls of identify
 b - a scroll of teleportation {unknown}
 h - a scroll of enchant weapon {unknown}
Potions
 d - a potion of heal wounds
 e - 2 potions of curing
 f - 3 potions of enlightenment

Dungeon Overview and Level Annotations

Branches:
Dungeon (4/15)
 Temple: D:4-7

Altars:


Message History

You see here a hound corpse.
You open the door.
There is an open door here.
There is an open door here.
A wyvern comes into view.
You shoot an arrow. The wyvern hisses angrily.
The arrow hits the wyvern but does no damage.
You shoot an arrow. The arrow closely misses the wyvern.
You shoot an arrow. The arrow hits the wyvern.
The wyvern is lightly wounded.
The wyvern bites you! x2
You shoot an arrow. The arrow hits the wyvern.
The wyvern is moderately wounded.
The wyvern bites you but does no damage.
The wyvern closely misses you.
You shoot an arrow. The arrow closely misses the wyvern.
The wyvern barely misses you.
The wyvern bites you but does no damage.
You shoot an arrow.
The arrow hits the wyvern but does no damage.
The wyvern is moderately wounded.
The wyvern barely misses you.
You shoot an arrow. The arrow completely misses the wyvern.
The wyvern closely misses you. The wyvern barely misses you.
You shoot an arrow. The arrow hits the wyvern.
The wyvern is moderately wounded.
The wyvern closely misses you.
You shoot an arrow. The arrow hits the wyvern.
The wyvern is heavily wounded.
The wyvern bites you but does no damage.
The wyvern bites you.
You shoot an arrow. The arrow hits the wyvern.
The wyvern is severely wounded.
The wyvern closely misses you. x2
You shoot an arrow.
The arrow hits the wyvern but does no damage.
The wyvern is severely wounded.
The wyvern bites you!
You die...

#.# #.... .# #.#
#.... #.# #.# #....
#.# #.# #.... #.# #.#
#.... ##########.#
#.# #####
........##.# #.#
######.....# #####.#
#..l@.# #.....#.#
#.....###.##..#.#
##'##.....#...#^#####
#.#########..#.##...
#.# #........#.##...
#.# #.####...#.##..#
#.###.# #...#.##..#
#.....# #...#.##..#
##########..........


You could see a wyvern.

Vanquished Creatures
  2 hounds
  An iguana (D:4)
  Terence (D:2)
  2 orc wizards (D:4)
  3 adders (D:3)
  A dart slug (D:2)
  3 orcs (D:4)
  4 ball pythons
  6 endoplasms
  3 giant cockroaches
  2 hobgoblins
  4 jackals (D:2)
  3 quokkas
  11 bats
  3 frilled lizards
  9 goblins
  6 kobolds
  10 rats
74 creatures vanquished.

Notes
Turn   | Place    | Note
-------+----------+-------------------------------------------
     0 | D:1      | qw the Gargoyle Hunter began the quest for the Orb.
     0 | D:1      | Reached XP level 1. HP: 12/12 MP: 1/1
     0 | D:1      | 0 ||| qw: Version: 0.3-a-83-gcd0e7d8
     0 | D:1      | 0 ||| qw: Game counter: 1669
     0 | D:1      | 0 ||| qw: Melee chars always use a shield: true
     0 | D:1      | 0 ||| qw: God list: Okawaru
     0 | D:1      | 0 ||| qw: Allow faded altars: false
     0 | D:1      | 0 ||| qw: Do Orc after clearing Dungeon:15 true
     0 | D:1      | 0 ||| qw: Do second Lair branch before Depths: true
     0 | D:1      | 0 ||| qw: Lair rune preference: random
     0 | D:1      | 0 ||| qw: Goals: Normal
     0 | D:1      | 0 ||| PLANNING D:1-11
   195 | D:1      | Reached XP level 2. HP: 17/17 MP: 2/2
   450 | D:1      | Reached XP level 3. HP: 21/21 MP: 3/3
   468 | D:1      | Reached skill level 5 in Ranged Weapons
   553 | D:1      | 553 ||| READING 2 scrolls labelled TITIUV REOT.
   554 | D:1      | 554 ||| READING scroll labelled CELYOC VUOSHRAK.
   555 | D:1      | 555 ||| READING scroll labelled MIWNUOBEDI.
   656 | D:1      | 656 ||| DROPPING scroll of butterflies.
   817 | D:2      | Noticed Terence
   833 | D:2      | Killed Terence
   834 | D:2      | Reached skill level 3 in Fighting
   834 | D:2      | Reached XP level 4. HP: 14/28 MP: 4/4
  1261 | D:2      | You fall into a shaft and drop 1 floor!
  1286 | D:3      | 1286 ||| UPGRADING to +0 helmet.
  1291 | D:3      | 1291 ||| READING scroll labelled ZEHUKU JIFOGIE.
  1292 | D:3      | 1292 ||| DRINKING 2 smoky clear potions.
  1293 | D:3      | 1293 ||| READING 3 scrolls of identify.
  1293 | D:3      | 1293 ||| IDENTIFYING purple potion
  1294 | D:3      | 1294 ||| READING 2 scrolls of identify.
  1294 | D:3      | 1294 ||| IDENTIFYING clear potion
  1451 | D:2      | 1451 ||| READING scroll labelled RUCSAXEMN DUJI.
  1672 | D:3      | Reached XP level 5. HP: 32/32 MP: 5/5
  2108 | D:3      | 2108 ||| READING 2 scrolls labelled LUITRAKKAULO.
  2109 | D:3      | 2109 ||| READING scroll labelled ZASAUS KUDILE.
  2110 | D:3      | 2110 ||| READING scroll labelled YSHRAC ACIER VUICK.
  2111 | D:3      | 2111 ||| READING 3 scrolls of identify.
  2111 | D:3      | 2111 ||| IDENTIFYING coppery potion
  2112 | D:3      | 2112 ||| DROPPING scroll of noise.
  2113 | D:3      | 2113 ||| DROPPING potion of ambrosia.
  2173 | D:4      | 2173 ||| STAIRDANCE
  2184 | D:3      | Reached skill level 6 in Ranged Weapons
  2197 | D:4      | 2197 ||| STAIRDANCE
  2216 | D:4      | Reached skill level 1 in Armour
  2216 | D:4      | 2216 ||| STAIRDANCE
  2463 | D:4      | Reached XP level 6. HP: 25/38 MP: 6/6
  2670 | D:4      | Noticed a wyvern
  2681 | D:4      | Slain by a wyvern

Levels and vault maps discovered:
D:1:      nzn_arrival_settlement, layout_basic
D:2:      layout_basic, uniq_terence
D:3:      layout_loops_ring
D:4:      layout_basic, minmay_temple_entry_trees, serial_shops, shop,
          minmay_crossroads

Skill      XL: |  1  2  3  4  5 |
---------------+----------------+-----
Ranged Weapons | 5 6 |  6.2
Fighting       | 3 4 |  4.2
Armour         | 1 |  1.4
Dodging        | |  1.5
Stealth        | |  1.1

Action                     |  1- 3 |  4- 6 || total
---------------------------+-------+-------++-------
   Fire: Shortbow          |   107 |   158 ||   265
    Use: Scroll            |     3 |     8 ||    11
         Potion            |       |     1 ||     1
 Armour: Leather armour    |    41 |    54 ||    95
  Dodge: Dodged            |    41 |    51 ||    92

Table legend:
 A = Non-vault XP
 B = Vault XP
 C = Vault XP percentage of total XP
 D = Non-vault monster count
 E = Vault monster count
 F = Vault count percentage of total count
                 A         B        C        D         E       F
            +---------+---------+-------+---------+---------+-------
      Total |     338 |      37 |   9.9 |      72 |       2 |   2.7
            +---------+---------+-------+---------+---------+-------
        D:1 |      40 |       0 |   0.0 |      27 |       0 |   0.0
        D:2 |      38 |      36 |  48.6 |      20 |       1 |   4.8
        D:3 |     100 |       1 |   1.0 |      17 |       1 |   5.6
        D:4 |     160 |       0 |   0.0 |       8 |       0 |   0.0
            +---------+---------+-------+---------+---------+-------
